 Dungeon Crawl Stone Soup version 0.22.1-2-g9c5b331 (webtiles) character file.

625 joejoepie the Ruffian (level 7, -1/59 HPs)
             Began as a Ghoul Gladiator on Nov 14, 2018.
             Was an Initiate of Wu Jian.
             Slain by Pikel
             ... wielding a +2 whip of electrocution
              (8 damage)
             ... on level 4 of the Dungeon on Nov 15, 2018.
             The game lasted 00:27:37 (4205 turns).

joejoepie the Ruffian (Ghoul Gladiator)             Turns: 4205, Time: 00:27:38

Health: -1/59      AC:  5    Str: 18    XL:     7   Next: 47%
Magic:  10/10      EV: 19    Int:  3    God:    Wu Jian [......]
Gold:   240        SH:  0    Dex: 17    Spells: 6/6 levels left

rFire    . . .     SeeInvis .     - Unarmed
rCold    + . .     Gourm    .   (no shield)
rNeg     + + +     Faith    .   a - +0 leather armour
rPois    ∞         Spirit   .   r - +0 Maxwell's etheric cage {RegenMP+ *Contam rElec MP+4}
rElec    +         Reflect  .   (no cloak)
rCorr    .         Harm     +   (no gloves)
MR       .....                  p - +0 pair of boots
Stlth    +++.......             i - amulet of harm
HPRegen  0.00/turn              (no ring) MPRegen 0.62/turn*
                                (no ring)

@: agile, rotting
A: rotting body, claws 1, carnivore, cold resistance 1, negative energy
resistance 3, inhibited regeneration, torment resistance, unbreathing
a: Renounce Religion


You were on level 4 of the Dungeon.
You worshipped Wu Jian.
Wu Jian was noncommittal.
You were not hungry.

You visited 2 branches of the dungeon, and saw 7 of its levels.

You collected 240 gold pieces.

Inventory:

Hand Weapons
 q - a +0 lajatang
Missiles
 c - a throwing net (quivered)
Armour
 a - a +0 leather armour (worn)
 b - a +0 helmet
 p - a +0 pair of boots (worn)
 r - the +0 Maxwell's etheric cage (worn) {RegenMP+ *Contam rElec MP+4}
   (You found it on level 4 of the Dungeon)

   It insulates you from electricity.
   It affects your magic capacity (+4).
   It causes magical contamination when unequipped.
Jewellery
 h - a +2 amulet of reflection
 i - an amulet of harm (around neck)
 o - an uncursed ring of resist corrosion {unknown}
Wands
 k - a wand of flame (36)
 s - a wand of random effects (23)
Scrolls
 e - 4 scrolls of enchant weapon
 m - 2 scrolls of identify
 t - a scroll of amnesia
Potions
 g - 2 potions of agility
 j - 2 potions of cancellation
Comestibles
 d - 5 rations


   Skills:
 + Level 4.0 Fighting
 - Level 2.0 Throwing
 + Level 3.0 Armour
 + Level 4.2 Dodging
 - Level 1.2 Stealth
 * Level 6.2 Unarmed Combat


You had 6 spell levels left.
You didn't know any spells.
Your spell library was empty.

Dungeon Overview and Level Annotations

Branches:
Dungeon (6/15)             Temple (1/1) D:4

Altars:
Ashenzari
Cheibriados
Dithmenos
Elyvilon
Fedhas
Gozag
Nemelex Xobeh
Okawaru
Ru
Trog
Vehumet
Wu Jian

Shops:
D:4 *

Annotations:
D:4 Pikel
D:5 3 runed doors, antediem's ghost, amateur DENe


Innate Abilities, Weirdness & Mutations

Your body is rotting away.
You thrive on raw meat.
You are immune to poison.
You have sharp fingernails.
You are carnivorous and can eat meat at any time.
Your flesh is cold resistant. (rC+)
You are immune to negative energy. (rN+++)
You do not regenerate when monsters are visible.
You are immune to unholy pain and torment.
You can survive without breathing.


Message History

Pikel is moderately wounded.
Pikel hits you with a whip of electrocution.
The slave closely misses you.
You scratch Pikel but do no damage.
Pikel is moderately wounded.
Pikel hits you with a whip of electrocution!
* * * LOW HITPOINT WARNING * * *
Eat a chunk of flesh? (ye/n/q)
You eat the chunk of flesh.
This raw flesh tastes great!
The slave closely misses you. Pikel completely misses you.
You feel agile all of a sudden. The slave hits you.
* * * LOW HITPOINT WARNING * * *
Pikel misses you. The slave misses you. Pikel hits you but does no damage.
The slave hits you.
* * * LOW HITPOINT WARNING * * *
The slave misses you.
Pikel hits you with a whip of electrocution!
You die...

...##....## ##..##
.....####.## ##..##
...### ##.### ##..##
#### ##..## ##..##
##..## ###..##
##..###..### ##
##..#..## .#
######..## .##
#...##@#### ..#
##.....K..### ..#
#.....p....### ..#
#............# ..# ###
##...........# ..#
#.## #.........[># .##
##..## ##.........##
.# ##....##
#........## ##
#......####.........##


You could see Pikel and a slave.

Vanquished Creatures
  2 slaves
  2 black bears
  An ogre (D:4)
  A crimson imp (D:5)
  A hound (D:4)
  2 orc wizards (D:4)
  A worker ant (D:4)
  A hound skeleton (D:5)
  3 gnolls
  4 adders
  An adder zombie (D:5)
  An adder skeleton (D:4)
  2 worms (D:2)
  3 dart slugs
  2 leopard geckos
  12 orcs
  5 giant cockroaches
  11 goblins
  16 hobgoblins
  8 jackals
  2 quokkas (D:3)
  A ball python (D:3)
  7 bats
  3 frilled lizards
  7 kobolds
  9 rats
108 creatures vanquished.

Notes
Turn   | Place    | Note
-------+----------+-------------------------------------------
     0 | D:1      | joejoepie the Ghoul Gladiator began the quest for the Orb.
     0 | D:1      | Reached XP level 1. HP: 17/17 MP: 0/0
   248 | D:1      | Reached XP level 2. HP: 12/24 MP: 1/1
   757 | D:2      | Found a blossoming altar of Fedhas.
   804 | D:2      | Reached XP level 3. HP: 29/30 MP: 2/2
  1071 | D:2      | Reached skill level 4 in Unarmed Combat
  1131 | D:2      | Reached XP level 4. HP: 37/37 MP: 3/3
  1625 | D:2      | Reached skill level 1 in Armour
  2712 | D:4      | Found Owu Igu's General Store.
  2745 | D:4      | Reached XP level 5. HP: 28/42 MP: 4/4
  2881 | D:3      | Reached skill level 5 in Unarmed Combat
  2914 | D:4      | Reached skill level 1 in Stealth
  2996 | D:4      | Noticed a black bear
  3070 | D:4      | Noticed an ogre
  3330 | D:4      | Found a radiant altar of Vehumet.
  3372 | D:4      | Found the +0 Maxwell's etheric cage {RegenMP+ *Contam rElec
                  | MP+4}
  3464 | D:4      | Found a staircase to the Ecumenical Temple.
  3470 | Temple   | Entered the Ecumenical Temple
  3485 | Temple   | Became a worshipper of the Wu Jian Council
  3598 | D:4      | Reached XP level 6. HP: 26/50 MP: 5/5
  3816 | D:4      | Killed a black bear
  3890 | D:5      | Entered Level 5 of the Dungeon
  3927 | D:5      | Found a runed gate.
  3928 | D:5      | Found a runed gate.
  3930 | D:5      | Found a runed gate.
  3933 | D:5      | Noticed a black bear
  3934 | D:5      | Reached XP level 7. HP: 57/57 MP: 6/6
  3957 | D:5      | Reached skill level 6 in Unarmed Combat
  4126 | D:5      | Noticed Pikel
  4143 | D:5      | Noticed antediem's ghost (amateur DENe)
  4157 | D:4      | HP: 2/59 [orc wizard/magic dart (3)]
  4205 | D:4      | Slain by Pikel

Skill      XL: |  1  2  3  4  5  6  7 |
---------------+----------------------+-----
Dodging        | 3 4 |  4.2
Throwing       | 2 |  2.0
Unarmed Combat | 4 5 6 |  6.2
Armour         | 1 2 3 |  3.0
Stealth        | 1 |  1.2
Fighting       | 3 4 |  4.0

Action                   |  1- 3 |  4- 6 |  7- 9 || total
-------------------------+-------+-------+-------++-------
Melee: Unarmed           |   130 |   180 |    58 ||   368
       Punch             |     3 |     2 |     1 ||     6
Throw: Throwing net      |       |     3 |       ||     3
Invok: Lunge             |       |     4 |     3 ||     7
  Use: Potion            |     2 |     3 |     3 ||     8
       Scroll            |     4 |     1 |     1 ||     6
 Stab: Held in net/web   |       |     2 |       ||     2
  Eat: Chunk             |    10 |    15 |    13 ||    38
Armor: Leather armour    |    19 |    42 |    14 ||    75
Dodge: Dodged            |    61 |   106 |    45 ||   212
Block: Other             |     1 |     2 |       ||     3
